 Dungeon Crawl Stone Soup version 0.27.1-33-g824d729ab1 (webtiles) character file.

Game seed: 3401301618796094109

104010 MisterFreud the Acrobat (level 15, -12/126 HPs)
             Began as a Felid Berserker on Dec 30, 2021.
             Was the Champion of Trog.
             Shot with an arrow by a satyr (37 damage)
             ... on level 2 of the Shoals.
             The game lasted 01:14:09 (43130 turns).

MisterFreud the Acrobat (Felid Berserker)          Turns: 43130, Time: 01:14:09

Health: -12/126    AC:  3    Str: 13    XL:     15   Next: 53%
Magic:  0/16       EV: 51    Int: 10    God:    Trog [******]
Gold:   2245       SH:  0    Dex: 33    Spells: 14/14 levels left
                                        Lives:  0   Deaths: 3

rFire    + . .     SeeInvis +     - Unarmed
rCold    . . .     Faith    .   (shield unavailable)
rNeg     . . .     Spirit   +   (armour unavailable)
rPois    .         Reflect  .   (helmet unavailable)
rElec    .         Harm     .   (cloak unavailable)
rCorr    .         Rampage  .   (gloves unavailable)
Will     +++++                  (boots unavailable)
Stlth    ..........             f - amulet of guardian spirit
HPRegen  1.31/turn              a - ring of Ryov Ykh {rF+ rC- Will++ Dex+6 Stlth+}
MPRegen  0.15/turn              n - +6 ring of dexterity

@: berserking, strong-willed (expiring), regenerating (expiring), very quick
A: very small, claws 1, fangs 3, see invisible, speed 1, shaggy fur 3, stealthy
paws, no weapons or thrown items, no armour, multi-lived
}: 1/15 runes: serpentine
a: Renounce Religion, Berserk, Trog's Hand, Brothers in Arms


You were on level 2 of the Shoals.
You worshipped Trog.
Trog was exalted by your worship.
You visited 5 branches of the dungeon, and saw 29 of its levels.
You also visited: Ossuary, Gauntlet and Ice Cave.

You collected 2834 gold pieces.
You spent 589 gold pieces at shops.

Inventory:

Jewellery
 a - the ring of Ryov Ykh (left paw) {rF+ rC- Will++ Dex+6 Stlth+}
   (You acquired it on level 4 of the Dungeon)

   [ring of dexterity]

   Dex:       It affects your dexterity (+6).
   rF:        It protects you from fire.
   rC:        It makes you vulnerable to cold.
   Will:      It greatly increases your willpower.
   Stlth:     It makes you more stealthy.
 f - an amulet of guardian spirit (around neck)
 n - a +6 ring of dexterity (right paw)
 q - a ring of flight
 r - a ring of ice
 x - a ring of fire
 F - a ring of protection from fire
 H - a ring of ice
 J - a ring of willpower
 Q - the ring of Desertification {Ice *Slow rCorr Dex+4}
   (You found it on level 14 of the Dungeon)

   [ring of ice]

   It enhances your ice magic.
   Dex:       It affects your dexterity (+4).
   rF:        It makes you vulnerable to fire.
   rC:        It protects you from cold.
   rCorr:     It protects you from acid and corrosion.
   *Slow:     It may slow you when you take damage.
 S - a ring of willpower
Wands
 l - a wand of iceblast (54)
 s - a wand of digging (16)
 t - a wand of charming (9)
 v - a wand of paralysis (18)
 y - a wand of acid (16)
 B - a wand of flame (53)
 C - a wand of polymorph (6)
 E - a wand of mindburst (12)
Scrolls
 b - 8 scrolls of teleportation
 i - 4 scrolls of summoning
 j - 5 scrolls of magic mapping
 w - 2 scrolls of blinking
 A - 6 scrolls of identify
 G - 3 scrolls of fear
 I - 2 scrolls of holy word
 L - 3 scrolls of immolation
 M - 2 scrolls of fog
Potions
 c - 3 potions of cancellation
 d - 2 potions of magic
 e - 4 potions of berserk rage
 g - 5 potions of curing
 h - 2 potions of might
 k - 4 potions of mutation
 m - 3 potions of heal wounds
 o - 7 potions of lignification
 p - 6 potions of attraction
 u - 7 potions of haste
 z - a potion of resistance
 D - 4 potions of invisibility
 K - 3 potions of ambrosia
 R - 2 potions of flight
Miscellaneous
 N - a lightning rod (4/4)
 O - a piece from Xom's chessboard (15/15)
 P - a phantom mirror


   Skills:
 + Level 19.9 Fighting
 - Level 22.0 Dodging
 + Level 18.1 Stealth
 + Level 16.6 Unarmed Combat
 + Level 14.3 Evocations


You had 14 spell levels left.
You didn't know any spells.
Your spell library was empty.

Dungeon Overview and Level Annotations

Branches:
Dungeon (15/15)            Temple (0/1) D:5            Lair (6/6) D:11
 Shoals (2/4) Lair:4        Snake (4/4) Lair:2        Slime (0/5) Lair:6
    Orc (2/2) D:10            Elf (0/3) Orc:2        Vaults (0/5) D:14
 Depths (0/5) D:15        Ossuary (visited)           IceCv (visited)
Gauntlet (visited)

Altars:
Cheibriados
Ru
Beogh
Jiyva

Shops:
D:8 =   D:10 [   D:11 :(   Orc:1 *   Orc:2 *[:=*

Portals:
Trove: D:12 (give 3 potions of resistance)


Innate Abilities, Weirdness & Mutations

You have sharp claws.
You have razor-sharp teeth.
You have supernaturally acute eyesight. (SInv)
You cover ground quickly. (Speed+)
Your thick and shaggy fur keeps you warm. (AC +3, rC+)
Your paws help you pounce on unaware monsters.
You are incapable of wielding weapons or throwing items.
You cannot wear armour.
You gain extra lives every three experience levels.


Message History

You kill the faun!
Trog accepts your kill.
Trog appreciates your killing of a magic user.
The faun misses you.
You claw the faun!
The faun is moderately wounded.
You claw the faun!
The faun is heavily wounded.
The faun hits you with a +0 spear!!
The satyr plays a frightful melody on his pipes!
The satyr radiates an aura of fear!
You resist with almost no effort.
You scratch the faun but do no damage. You bite the faun, but do no damage.
The faun is heavily wounded.
The faun completely misses you.
You claw the faun!
The faun is almost dead.
The satyr misses you.
You barely miss the faun. You bite the faun.
The faun is almost dead.
The faun completely misses you.
The satyr plays a rousing melody on his pipes!
The faun goes into a battle-frenzy!
You mangle the faun!!
You kill the faun!
Trog accepts your kill.
Trog appreciates your killing of a magic user.
The satyr unwields a +0 spear.
The satyr wields a +0 longbow.
The satyr shoots an arrow.
The arrow hits you!!
* * * LOW HITPOINT WARNING * * *
Items here: ( )) †.
Unknown command.
Unknown command.
Your deep troll goes berserk!
The satyr plays a frightful melody on his pipes!
The satyr radiates an aura of fear!
You resist with almost no effort.
A red film seems to cover your vision as you go berserk!
You feel yourself moving faster!
You feel mighty!
You feel the effects of Trog's Hand fading.
The satyr shoots an arrow.
The arrow hits you!!!
You die...

≈≈≈≈≈≈≈≈≈...... .##.≈..
.≈≈≈≈≈≈≈≈......#.##.....
.≈≈≈≈≈≈>≈......#......##
..≈≈≈≈≈..........≈≈...##
....................≈...
...................≈≈≈...
..≈≈≈...............≈≈...
.≈≈≈≈≈.Tc.......≈..≈≈.≈≈.
.≈≈≈≈≈≈.@####..≈≈≈≈≈.≈≈..
≈≈≈≈≈≈≈≈.#.?#.P≈≈≈≈≈≈≈...
≈≈≈≈≈≈≈≈)'[/#.P≈≈P≈≈≈≈..#
≈≈≈≈≈≈≈≈$#≈/#P≈≈≈≈≈≈≈≈...
.≈≈≈≈≈≈≈.####P≈P≈≈≈≈≈≈≈..
.≈≈≈≈≈≈≈.≈P≈≈≈PP≈P≈≈≈≈≈≈≈
..≈≈....≈PP≈PP≈≈≈P≈≈≈≈≈≈≈
.......≈PPPP≈P≈≈≈≈≈≈≈≈≈≈≈
......≈P≈≈≈≈≈≈≈≈≈≈≈≈≈≈≈≈≈


You could see a satyr (ally target) and a friendly deep troll (summoned,
berserk).

Vanquished Creatures
  Vashnia (Snake:2)
  Nikola (Snake:3)
  Frances (Snake:1)
  The ghost of Qymaymp the Geomancer, an adept GrEE of Vehumet (D:14)
  A fenstrider witch (Shoals:2)
  4 nagarajas
  Donald (Snake:2)
  Aizul (Snake:2)
  A stone giant (D:15)
  2 dire elephants
  Azrael (Snake:2)
  A minotaur (Gauntlet)
  Josephine (D:15)
  The ghost of carontestyx the Brawler, a journeyman TrMo of Ru (D:11)
  9 naga warriors
  An ogre mage (D:15)
  7 hydras
  2 vault guards (D:14)
  Harold (D:10)
  6 boulder beetles
  A salamander tyrant (Snake:4)
  13 anacondas
  A catoblepas (Lair:6)
  2 merfolk avatars
  3 merfolk aquamancers (Shoals:1)
  6 centaur warriors
  A death knight (D:15)
  14 death yaks
  2 two-headed ogres
  A deep troll shaman (Lair:6)
  3 tengu warriors
  13 naga sharpshooters
  4 salamander mystics
  A skeletal warrior (D:15)
  8 sea snakes
  11 naga ritualists
  An orc knight (Orc:1)
  A wizard (D:15)
  A phantasmal warrior (D:15)
  2 lindwurms
  13 harpies
  An orc sorcerer (Orc:2)
  2 deep elf pyromancers (D:15)
  4 manticores
  8 mana vipers
  6 fauns
  11 salamanders
  12 ugly things
  5 elephants
  A merfolk siren (Shoals:1)
  7 cyclopes
  39 black mambas
  17 naga magi
  11 cane toads
  Psyche (D:8)
  2 entropy weaver simulacra (IceCv)
  An unseen horror (D:12)
  Maggie (D:6)
  A kobold demonologist (D:9)
  2 rime drakes (Lair:2)
  4 komodo dragons
  2 freezing wraiths
  A guardian mummy (D:12)
  8 merfolk
  2 polar bears
  6 trolls
  A queen bee (D:14)
  2 hornets (D:14)
  3 meliai (D:14)
  9 slime creatures
  2 wind drakes (Shoals:1)
  4 snapping turtles
  7 blink frogs
  7 dream sheep
  4 flying skulls (Gauntlet)
  Sigmund (D:4)
  2 wyverns
  40 yaks
  6 wraiths
  2 fire elementals (Snake:2)
  4 basilisks
  9 vampire mosquitoes
  Eustachio (D:5)
  3 humans (D:14)
  Menkaure (Ossuary)
  5 steam dragons
  2 wargs (Orc:1)
  39 nagas
  2 acid dragons
  14 water moccasins
  2 hell hounds (Snake:2)
  3 sky beasts (D:12)
  33 orc warriors
  2 black bears
  An ugly thing simulacrum (IceCv)
  4 ogres
  32 wolves
  25 centaurs
  2 phantoms
  7 bullfrogs
  2 kobold brigands
  3 gnoll sergeants
  5 scorpions
  A water moccasin zombie (D:5)
  A troll zombie (Ossuary)
  5 killer bees (D:14)
  7 electric eels
  4 howler monkeys
  6 centaur zombies
  A bullfrog zombie (D:6)
  A hound (D:4)
  9 orc priests
  19 orc wizards
  4 iguanas
  6 hell rats (Lair:5)
  2 ogre zombies (Ossuary)
  A hound skeleton (D:4)
  7 mummies
  2 howler monkey zombies
  8 gnolls
  13 adders
  3 shadow imps
  2 white imps
  3 adder zombies (Ossuary)
  4 worms
  3 dart slugs
  73 orcs
  9 endoplasms
  6 giant cockroaches
  11 goblins
  8 hobgoblins
  4 quokkas
  11 ball pythons
  3 bats (D:3)
  4 frilled lizards (D:1)
  5 goblin zombies (Ossuary)
  2 hobgoblin zombies (Ossuary)
  20 kobolds
  5 kobold zombies (Ossuary)
  An orc zombie (Ossuary)
  5 quokka zombies (Ossuary)
  5 rats
  4 rat zombies (Ossuary)
880 creatures vanquished.

Vanquished Creatures (collateral kills)
  A nagaraja (Snake:4)
  A salamander tyrant (Snake:4)
  A hydra (D:14)
  A boulder beetle (Lair:4)
  2 vault guards (D:14)
  2 cyclopes
  A salamander (Snake:4)
  A naga mage (Snake:4)
  4 humans (D:14)
  2 nagas (Snake:4)
16 creatures vanquished.

Vanquished Creatures (others)
  A vault guard (D:14)
  A merfolk aquamancer (Shoals:1)
  A naga mage (Snake:4)
  2 orcs (Orc:2)
  13 fungi
  55 plants
  5 toadstools (Lair:1)
  A withered plant (Gauntlet)
79 creatures vanquished.

Grand Total: 975 creatures vanquished

Notes
Turn   | Place    | Note
-------+----------+-------------------------------------------
     0 | D:1      | MisterFreud the Felid Berserker began the quest for the
                  | Orb.
     0 | D:1      | Reached XP level 1. HP: 10/10 MP: 2/2
   189 | D:1      | Reached skill level 1 in Stealth
   454 | D:1      | Reached XP level 2. HP: 14/14 MP: 3/3
   677 | D:1      | Reached ** piety under Trog
   861 | D:1      | Reached XP level 3. HP: 15/17 MP: 4/4
  1425 | D:2      | Reached XP level 4. HP: 21/21 MP: 5/5
  1608 | D:2      | HP: 1/21 [poisoned by an adder]
  2385 | D:3      | Reached XP level 5. HP: 24/24 MP: 6/6
  2480 | D:3      | Reached skill level 5 in Stealth
  2593 | D:3      | Found a faded altar of an unknown god.
  2619 | D:3      | Reached *** piety under Trog
  2630 | D:3      | Reached skill level 5 in Unarmed Combat
  3708 | D:4      | Noticed Sigmund
  3714 | D:4      | Killed Sigmund
  3715 | D:4      | Gained mutation: You are covered in thick fur. (AC +2)
                  | [Felid growth]
  3715 | D:4      | Reached XP level 6. HP: 28/28 MP: 7/7
  3954 | D:4      | Reached skill level 5 in Dodging
  4162 | D:4      | Reached skill level 6 in Dodging
  4162 | D:4      | Reached XP level 7. HP: 31/31 MP: 5/8
  4454 | D:5      | Entered Level 5 of the Dungeon
  4457 | D:5      | Identified 3 scrolls of acquirement
  4457 | D:5      | Acquired a manual of Dodging
  4487 | D:4      | Acquired the ring of Ryov Ykh {rF+ rC- Will++ Dex+6 Stlth+}
  4489 | D:4      | Acquired a manual of Evocations
  4610 | D:5      | Noticed Eustachio
  4648 | D:5      | Killed Eustachio
  4648 | D:5      | Reached **** piety under Trog
  4649 | D:5      | Reached skill level 7 in Dodging
  4673 | D:5      | Found a staircase to the Ecumenical Temple.
  4803 | D:5      | Reached skill level 8 in Dodging
  4841 | D:5      | Found a sand-covered staircase.
  4848 | Ossuary  | Entered an ossuary
  5050 | Ossuary  | Noticed Menkaure
  5084 | Ossuary  | Killed Menkaure
  5085 | Ossuary  | Reached skill level 10 in Dodging
  5085 | Ossuary  | Reached skill level 5 in Evocations
  5085 | Ossuary  | Reached XP level 8. HP: 34/34 MP: 9/9
  5599 | D:5      | Reached skill level 5 in Fighting
  6110 | D:5      | Identified the +0 scale mail "Selos" {Dex+5}
  6500 | D:6      | Acquired a manual of Fighting
  6566 | D:6      | Noticed Maggie
  6569 | D:6      | Killed Maggie
  6570 | D:6      | Reached XP level 9. HP: 42/42 MP: 10/10
  6593 | D:6      | Reached ***** piety under Trog
  6718 | D:6      | Reached skill level 11 in Dodging
  7770 | D:8      | Reached skill level 12 in Dodging
  8045 | D:8      | Found Queprit's Jewellery Shop.
  8295 | D:7      | Found a sacrificial altar of Ru.
  9214 | D:8      | Noticed Psyche
  9226 | D:8      | Killed Psyche
  9227 | D:8      | Reached XP level 10. HP: 44/49 MP: 6/11
  9839 | D:9      | Reached skill level 10 in Stealth
 10026 | D:9      | Noticed a two-headed ogre
 10029 | D:9      | Killed a two-headed ogre
 10030 | D:9      | Reached skill level 10 in Fighting
 10169 | D:9      | Noticed a cyclops
 10179 | D:9      | Killed a cyclops
 10583 | D:9      | Reached skill level 10 in Unarmed Combat
 10730 | D:10     | Entered Level 10 of the Dungeon
 10994 | D:10     | Noticed Harold
 11007 | D:10     | Killed Harold
 11008 | D:10     | Reached skill level 13 in Dodging
 11008 | D:10     | Reached XP level 11. HP: 26/54 MP: 3/12
 11171 | D:10     | Acquired a manual of Dodging
 11207 | D:10     | Reached skill level 10 in Evocations
 11227 | D:10     | Reached skill level 14 in Dodging
 11238 | D:10     | Found Loja's Armour Shoppe.
 11239 | D:10     | Found a staircase to the Orcish Mines.
 11637 | D:10     | Reached skill level 15 in Dodging
 11950 | D:11     | Found a transporter.
 11955 | D:11     | Found a transporter.
 11959 | D:11     | Noticed a boulder beetle
 11968 | D:11     | Noticed an eight-headed hydra
 11978 | D:11     | Killed an eight-headed hydra
 12379 | D:11     | Found Yloa's Book Boutique.
 12387 | D:11     | Reached skill level 16 in Dodging
 12438 | D:11     | Noticed a two-headed ogre
 12586 | D:11     | Found Jumaox's Weapon Emporium.
 12653 | D:11     | Noticed a white ugly thing
 12663 | D:11     | Killed a white ugly thing
 12809 | D:11     | Found a staircase to the Lair.
 12849 | D:11     | Noticed a tengu warrior
 13277 | D:12     | Noticed a five-headed hydra
 13286 | D:12     | Killed a five-headed hydra
 13287 | D:12     | Reached skill level 17 in Dodging
 13455 | D:12     | Reached skill level 18 in Dodging
 13457 | D:12     | Noticed a boulder beetle
 13485 | D:12     | Killed a boulder beetle
 13486 | D:12     | Gained mutation: Your thick and shaggy fur keeps you warm.
                  | (AC +3, rC+) [Felid growth]
 13486 | D:12     | Reached XP level 12. HP: 61/61 MP: 13/13
 13857 | D:12     | Found a portal to a secret trove of treasure.
 13970 | D:11     | Noticed carontestyx's ghost (journeyman TrMo)
 13982 | Lair:1   | Entered Level 1 of the Lair of Beasts
 14020 | Lair:1   | Noticed an eight-headed hydra
 14039 | Lair:1   | Killed an eight-headed hydra
 14081 | Lair:1   | Noticed a six-headed hydra
 14239 | Lair:1   | Killed a six-headed hydra
 14698 | Lair:1   | Reached skill level 15 in Fighting
 15056 | Lair:1   | Identified the +1 ring mail of Goicutwa {rCorr Str-2 Int+7}
 15677 | Lair:1   | Noticed a dire elephant
 15697 | Lair:1   | Found a runed translucent door.
 16065 | Lair:2   | Found a frozen archway.
 16076 | IceCv    | Entered an ice cave
 16084 | IceCv    | Reached skill level 19 in Dodging
 16111 | IceCv    | Reached XP level 13. HP: 57/69 MP: 8/14
 16454 | Lair:2   | Reached ****** piety under Trog
 16825 | Lair:2   | Found a staircase to the Snake Pit.
 17547 | Lair:3   | Reached skill level 20 in Dodging
 19626 | Lair:4   | Found a staircase to the Shoals.
 20854 | Lair:5   | Reached skill level 21 in Dodging
 20854 | Lair:5   | Reached skill level 15 in Stealth
 21417 | Lair:6   | Entered Level 6 of the Lair of Beasts
 21703 | Lair:6   | Reached XP level 14. HP: 73/73 MP: 15/15
 21793 | Lair:6   | Found a staircase to the Slime Pits.
 21795 | Lair:6   | Found a viscous altar of Jiyva.
 22692 | Lair:6   | Acquired a manual of Fighting
 23612 | D:13     | Found a snail-covered altar of Cheibriados.
 24041 | D:14     | Found a gate to the Vaults.
 24263 | D:14     | Reached skill level 22 in Dodging
 24893 | D:14     | Found a transporter.
 24898 | D:14     | Found a transporter.
 24899 | D:14     | Noticed Qymaymp's ghost (adept GrEE)
 25027 | D:15     | Entered Level 15 of the Dungeon
 25216 | Orc:1    | Entered Level 1 of the Orcish Mines
 25499 | Orc:1    | Found Ihooruyn's Assorted Antiques.
 25612 | Orc:1    | Bought a wand of acid (11) for 184 gold pieces
 25612 | Orc:1    | Bought a scroll of teleportation for 69 gold pieces
 25612 | Orc:1    | Bought 2 scrolls labelled GEHOTRESSU for 46 gold pieces
 25612 | Orc:1    | Bought a scroll of fear for 80 gold pieces
 25612 | Orc:1    | Bought a scroll of fog for 46 gold pieces
 25612 | Orc:1    | Bought a potion of heal wounds for 115 gold pieces
 25904 | Orc:2    | Entered Level 2 of the Orcish Mines
 25915 | Orc:2    | Found a gate leading to a gauntlet.
 25946 | Orc:2    | Found Huow's General Store.
 25973 | Orc:2    | Bought a scroll of fear for 49 gold pieces
 26030 | Gauntlet | Entered a Gauntlet
 26030 | Gauntlet | Found a transporter.
 26035 | Gauntlet | Found a transporter.
 26035 | Gauntlet | Found a transporter.
 26035 | Gauntlet | Found a transporter.
 26045 | Gauntlet | Found a transporter.
 26047 | Gauntlet | Found a transporter.
 26047 | Gauntlet | Found a transporter.
 26168 | Gauntlet | Identified the +6 plate armour "Vuclaonn" {Dex+6}
 26673 | Orc:2    | Found a staircase to the Elven Halls.
 27137 | Orc:2    | Reached XP level 15. HP: 62/80 MP: 16/16
 27373 | Orc:2    | Found Ygygguif's Antique Armour Shop.
 27373 | Orc:2    | Found Xyral's Book Shoppe.
 27375 | Orc:2    | Found Keleebly's Jewellery Emporium.
 27377 | Orc:2    | Found Kauf's General Store.
 28209 | D:15     | Found a staircase to the Depths.
 28524 | D:15     | Noticed Josephine
 28538 | D:15     | Killed Josephine
 29335 | Snake:1  | Entered Level 1 of the Snake Pit
 29584 | Snake:1  | Succumbed to a sea snake's poison
 29585 | Snake:1  | Reached XP level 14. HP: -1/77 MP: 13/15
 29788 | Snake:1  | Noticed Frances
 29792 | Snake:1  | Killed Frances
 30888 | Snake:1  | Reached skill level 15 in Unarmed Combat
 31399 | Snake:2  | Noticed Donald
 31403 | Snake:2  | Killed Donald
 31423 | Snake:2  | Reached XP level 15. HP: 82/82 MP: 16/16
 31484 | Snake:2  | Noticed Aizul
 31487 | Snake:2  | Killed Aizul
 31517 | Snake:2  | Noticed a nagaraja
 31532 | Snake:2  | Killed a nagaraja
 31799 | Snake:2  | Noticed Azrael
 31809 | Snake:2  | Killed Azrael
 32967 | Snake:2  | Noticed Vashnia
 33019 | Snake:2  | Killed Vashnia
 33353 | Snake:3  | Noticed Nikola
 33380 | Snake:3  | Killed Nikola
 33795 | Snake:3  | Identified the +1 robe "Kapir" {Regen+ Int+5}
 34824 | Snake:3  | Slain by an anaconda
 34825 | Snake:3  | Reached XP level 14. HP: -2/79 MP: 0/15
 34941 | Snake:3  | Identified the +10 flail "Saog" {freeze, rElec rC- SInv}
 35687 | Snake:4  | Entered Level 4 of the Snake Pit
 35719 | Snake:4  | Reached XP level 15. HP: 83/83 MP: 16/16
 36790 | Snake:4  | Noticed a nagaraja
 36791 | Snake:4  | Noticed a nagaraja
 37270 | Snake:4  | HP: 4/83 [poisoned by a naga ritualist (toxic radiance)]
 37648 | Snake:4  | Noticed a nagaraja
 37668 | Snake:4  | Killed a nagaraja
 37926 | Snake:4  | Killed a nagaraja
 38306 | Snake:4  | HP: 2/83 [constriction (5)]
 38311 | Snake:4  | Killed a nagaraja
 38731 | Snake:4  | HP: 4/83 [poisoned by a naga mage (splash of poison)]
 39106 | Snake:4  | Got a serpentine rune of Zot
 39250 | Snake:4  | Noticed a nagaraja
 39279 | Snake:4  | Killed a nagaraja
 39731 | D:11     | Killed carontestyx's ghost
 40449 | D:14     | Reached XP level 16. HP: 50/88 MP: 9/17
 40468 | D:14     | Killed Qymaymp's ghost
 40715 | D:14     | Identified the ring of Desertification {Ice *Slow rCorr
                  | Dex+4}
 40874 | Shoals:1 | Entered Level 1 of the Shoals
 41224 | Shoals:1 | HP: 2/88 [merfolk aquamancer (20)]
 41224 | Shoals:1 | Slain by a merfolk aquamancer
 41225 | Shoals:1 | Reached XP level 15. HP: -3/84 MP: 0/16
 41871 | Shoals:1 | Identified the +4 trident "Conservator" {vorpal, rF+
                  | Stlth+}
 43063 | Shoals:2 | Identified the +2 great sword "Moxosch" {vorpal, rElec
                  | rPois}
 43103 | Shoals:2 | Noticed a fenstrider witch
 43105 | Shoals:2 | Killed a fenstrider witch
 43130 | Shoals:2 | Shot with an arrow by a satyr

Illustrated notes

Levels and vault maps discovered:
D:1:      minmay_arrival_four_houses, layout_rooms, minmay_tetromino_i2
D:2:      layout_basic
D:3:      layout_loops_ring, hellmonk_ecumenical_altar_run_dry
D:4:      layout_gridville, st_stairs_6, grunt_ministairs_4, minivault_11,
          uniq_sigmund
D:5:      layout_basic, minmay_temple_entry_grid, chequers_ossuary_entry_cave,
          uniq_eustachio
D:6:      layout_basic, uniq_maggie
D:7:      layout_loops_corners, mainiacjoe_overflow_brackets,
          corexii_item_surrounded_by_moat, serial_bayou_lake_a, uniq_menkaure
D:8:      layout_cave_pods, serial_shops, kennysheep_mini_moat,
          serial_column_ruins, column_ruins_columns_T, column_ruins_grid_3,
          column_ruins_open_small_water, column_ruins_open_tiny,
          kennysheep_generic_room_9, uniq_psyche
D:9:      layout_loops_ring, hangedman_fish_farm
D:10:     layout_roguey, orc_david_3, uniq_harold
D:11:     layout_stronghold, lair_entry_dummy, nzn_ghost_randoct, serial_shops,
          nicolae_shop_temple_entry_statues_fountains, kennysheep_windowed_goal
D:12:     layout_gridville, nicolae_trove_entry_path_of_doom,
          hangedman_misty_isle
D:13:     layout_rooms, kennysheep_doodads, slow_altar_2
D:14:     layout_basic, ximxim_vaults_locker_room, chequers_garden,
          gammafunk_ghost_hive, serial_bayou_crossing
D:15:     grunt_enter_depths_snipers, layout_layer_cave, kb_rosetta,
          uniq_josephine
Lair:1:   gammafunk_lair_enchanted_lake, layout_long_grid, nzn_random_ring,
          lemuel_fruit_tree
Lair:2:   layout_cave_shapes, minmay_snake_entry_guardpost_medium,
          portal_ice_cave_rime
Lair:3:   layout_misc_corridors
Lair:4:   layout_hall_layers, minmay_shoals_entry_hut,
          grunt_forest_large_clearings, infiniplex_staircase_pool
Lair:5:   layout_cave_pods, grunt_megastairs_3
Lair:6:   grunt_lair_end_beastmaster, layout_gridlike, slime_altar_1,
          chequers_serial_rivers_micro_d, minivault_23,
          infiniplex_staircase_pool_2
Shoals:1: layout_shoals, nicolae_shoals_aquamancer_cove
Shoals:2: layout_shoals, nicolae_shoals_beach_house_on_fowls_legs
Snake:1:  layout_basic, uniq_frances
Snake:2:  layout_cave_town, serial_bayou_shore_b, uniq_aizul, uniq_azrael,
          uniq_vashnia, uniq_donald
Snake:3:  layout_grid_shapes, uniq_nikola
Snake:4:  snake_pit, layout_gridlike, special_room
Orc:1:    layout_diamond_mine, serial_shops, shop, basic_altar,
          lightli_orcish_oven
Orc:2:    st_orc_rangers, layout_diamond_mine, serial_shops, nicolae_shop_stone,
          gauntlet_entry_generic

Skill      XL: |  1  2  3  4  5  6  7  8  9 10 11 12 13 14 15 16 |
---------------+-------------------------------------------------+-----
Stealth        | 1 2 3 4 6 9 10 11 15 18 | 18.1
Unarmed Combat | 4 6 7 10 11 15 16 | 16.6
Dodging        | 6 10 12 13 18 19 21 22 | 22.0
Evocations     | 5 8 9 10 13 14 | 14.3
Fighting       | 6 8 10 12 15 18 19 | 19.9

Action                   |  1- 3 |  4- 6 |  7- 9 | 10-12 | 13-15 | 16-18 || total
-------------------------+-------+-------+-------+-------+-------+-------++-------
Melee: Unarmed           |    99 |   144 |   336 |   528 |  2176 |    62 ||  3345
       Bite              |     6 |    13 |    48 |   108 |   433 |    10 ||   618
       Punch             |       |     6 |    16 |    39 |   262 |     2 ||   325
Invok: Berserk           |     3 |     8 |    12 |    15 |    63 |     2 ||   103
       Trog's Hand       |       |     1 |     1 |     5 |    19 |     1 ||    27
       Brothers in Arms  |       |       |       |       |     8 |       ||     8
Evoke: Wand              |       |       |     4 |       |    11 |     2 ||    17
       Lightning rod     |       |       |       |       |     4 |       ||     4
  Use: Scroll            |       |       |    23 |     7 |    11 |       ||    41
       Potion            |       |       |       |     1 |    14 |     3 ||    18
 Stab: Sleeping          |     5 |     9 |    29 |    43 |    76 |       ||   162
       Distracted        |       |     3 |       |     2 |    17 |       ||    22
       Petrified         |       |       |       |       |     3 |       ||     3
Armor: Skin              |     3 |     2 |    16 |    12 |    40 |     3 ||    76
Dodge: Dodged            |    68 |    90 |   235 |   638 |  3031 |   100 ||  4162
